 Dungeon Crawl Stone Soup version 0.29.1-1-gd02db6906a (webtiles) character file.

Game seed: 977870484648122788

67 Senryu the Digger (level 3, -1/26 HPs)
             Began as a Draconian Earth Elementalist on Oct 1, 2022.
             Slain by Edmund
             ... wielding a +2 flail of distortion
              (12 damage)
             ... on level 4 of the Dungeon.
             The game lasted 00:10:33 (2064 turns).

Senryu the Digger (Draconian Earth Elementalist)    Turns: 2064, Time: 00:10:48

Health: -1/26      AC:  5    Str: 10    XL:     3   Next: 98%
Magic:  6/15       EV: 12    Int: 17    God:
Gold:   91         SH:  0    Dex: 11    Spells: 3/7 levels left

rFire   . . .      SeeInvis .   (no weapon)
rCold   . . .      Faith    .   (no shield)
rNeg    . . .      Spirit   .   (body armour unavailable)
rPois   .          Reflect  .   (helmet restricted)
rElec   .          Harm     .   (no cloak)
rCorr   .          Rampage  .   (no gloves)
Will    .....                   (no boots)
Stlth   ++........              (no amulet)
HPRegen 0.08/turn               n - ring of magical power
MPRegen 0.14/turn               (no ring)

@: very slightly contaminated
A: AC +5, unfitting armour, cold-blooded
a: no special abilities


You were on level 4 of the Dungeon.
You visited 1 branch of the dungeon, and saw 4 of its levels.

You collected 91 gold pieces.

Inventory:

Missiles
 c - a throwing net
 e - 3 atropa-tipped darts (quivered)
 k - a poisoned dart
Jewellery
 n - a ring of magical power (left hand)
Wands
 f - a wand of charming (20)
 m - a wand of iceblast (5)
Scrolls
 d - a scroll of enchant weapon
 g - a scroll of enchant armour
 i - a scroll of poison {unknown}
 j - a scroll of vulnerability {unknown}
 l - a scroll of amnesia {unknown}
 o - 2 scrolls of teleportation {unknown}
 r - 2 scrolls of fear {unknown}
Potions
 a - 3 potions of degeneration {unknown}
 b - a potion of invisibility {unknown}
 h - a potion of magic
 p - 2 potions of curing {unknown}
 q - a potion of cancellation {unknown}


   Skills:
 * Level 0.7 Throwing
 * Level 2.3 Dodging
 * Level 2.0 Stealth
 * Level 2.5 Spellcasting
 * Level 0.6 Conjurations
 * Level 1.2 Transmutations
 * Level 3.5 Earth Magic


You had 3 spell levels left.
You knew the following spells:

 Your Spells              Type           Power      Damage    Failure   Level
a - Sandblast             Erth           28%        2d8       4%          1
b - Stone Arrow           Conj/Erth      18%        3d8       24%         3

Your spell library contained the following spells:

 Spells                   Type           Power      Damage    Failure   Level
 Passwall                 Tmut/Erth      8%         N/A       11%         2
 Ensorcelled Hibernation  Hex/Ice        4%         N/A       28%         2
 Spider Form              Tmut/Pois      4%         N/A       38%         3
 Petrify                  Tmut/Erth      10%        N/A       56%         4
 Anguish                  Hex/Necr       1%         N/A       88%         4


Dungeon Overview and Level Annotations

Branches:
Dungeon (4/15)
 Temple: D:4-7

Altars:

Annotations:
D:4 Edmund


Innate Abilities, Weirdness & Mutations

Your plain brown scales are hard. (AC +5)
You cannot fit into any form of body armour.
You are cold-blooded and may be slowed by cold attacks.


Message History

Edmund is moderately wounded.
An ogre comes into view. It is wielding a +0 giant club.
Throw: 4 darts (atropa)
Press: ? - help, Q - select action, (/) - cycle Shift-Dir - straight line, f/p - Edmund
Aim: Edmund, wielding a +2 flail of distortion and wearing a +0 scale mail of willpower (moderately wounded, 58% to hit, chance to blind on hit: 67%)
You throw an atropa-tipped dart. The atropa-tipped dart hits Edmund.
Edmund resists.
Edmund is moderately wounded.
Casting: Stone Arrow (extremely dangerous; 24% risk of failure)
Confirm with . or Enter, or press ? or * to list all spells.
You don't know that spell.
Casting: Stone Arrow (extremely dangerous; 24% risk of failure)
Confirm with . or Enter, or press ? or * to list all spells.
The spell is extremely dangerous to miscast (24% risk of failure)!
Continue anyway?
Aiming: Stone Arrow (extremely dangerous; 24% risk of failure)
Press: ? - help, Shift-Dir - straight line, f/p - Edmund
Aim: Edmund, wielding a +2 flail of distortion and wearing a +0 scale mail of willpower (moderately wounded, 69% to hit)
You miscast Stone Arrow.
You are very lightly contaminated with residual magic.
Nothing appears to happen.
Casting: Stone Arrow (extremely dangerous; 24% risk of failure)
Confirm with . or Enter, or press ? or * to list all spells.
The spell is extremely dangerous to miscast (24% risk of failure)!
Continue anyway?
Aiming: Stone Arrow (extremely dangerous; 24% risk of failure)
Press: ? - help, Shift-Dir - straight line, f/p - Edmund
Aim: Edmund, wielding a +2 flail of distortion and wearing a +0 scale mail of willpower (moderately wounded, 69% to hit)
The stone arrow hits Edmund!
Edmund is severely wounded.
Edmund hits you with a +2 flail of distortion.
Space warps around you.
Casting: Stone Arrow (extremely dangerous; 24% risk of failure)
Confirm with . or Enter, or press ? or * to list all spells.
The spell is extremely dangerous to miscast (24% risk of failure)!
Continue anyway?
Aiming: Stone Arrow (extremely dangerous; 24% risk of failure)
Press: ? - help, Shift-Dir - straight line, f/p - Edmund
Aim: Edmund, wielding a +2 flail of distortion and wearing a +0 scale mail of willpower (severely wounded, 69% to hit)
You miscast Stone Arrow.
Nothing appears to happen.
Edmund hits you with a +2 flail of distortion!
Space warps horribly around you!
You die... #.P.P.P.P #.P.P.P.P .P . .....P.P P.P ..# #PPPPPPP.PP

..##.....#..# #
...#......### ####.
#.#..#...... .....#
#...@@.O(..(
.....###....#....!.
###.#..#....## $.#.#
.........##.# ...
.#...#...##.# ##.
#.....#.##.# ######
#....##..#.####....###
#.... ##........##...#
#.........#.########.#


You could see Edmund and an ogre.

Vanquished Creatures
  2 adders
  4 orcs (D:3)
  3 endoplasms
  A giant cockroach (D:3)
  5 goblins
  3 hobgoblins
  2 jackals (D:2)
  A quokka (D:2)
  2 ball pythons (D:2)
  4 bats
  3 frilled lizards
  4 kobolds
  7 rats
41 creatures vanquished.

Vanquished Creatures (collateral kills)
  A giant cockroach (D:3)
  A ball python (D:2)
2 creatures vanquished.

Vanquished Creatures (others)
  A hobgoblin (D:3)
1 creature vanquished.

Grand Total: 44 creatures vanquished

Notes
Turn   | Place    | Note
-------+----------+-------------------------------------------
     0 | D:1      | Senryu the Draconian Earth Elementalist began the quest for
                  | the Orb.
     0 | D:1      | Reached XP level 1. HP: 14/14 MP: 3/3
   369 | D:1      | Reached XP level 2. HP: 14/20 MP: 3/5
   667 | D:2      | Reached XP level 3. HP: 13/26 MP: 1/6
   671 | D:2      | Learned a level 3 spell: Stone Arrow
  2056 | D:4      | Noticed Edmund
  2060 | D:4      | Noticed an ogre
  2064 | D:4      | Slain by Edmund

Illustrated notes

Levels and vault maps discovered:
D:1:      dpeg_cavernosity, layout_loops_ring, corexii_item_surrounded_by_moat,
          chequers_serial_rivers_micro_e
D:2:      layout_basic, minmay_misc_feat_pillars, minmay_crystal_room,
          kennysheep_generic_room_16
D:3:      layout_rooms, kennysheep_generic_room_4, uniq_crazy_yiuf_cottage
D:4:      layout_rooms, minmay_temple_entry_offerings, dreamdust_wishing_well,
          minmay_hedge_maze, uniq_duvessa, uniq_edmund

Skill      XL: |  1  2  3 |
---------------+----------+-----
Dodging        | 2 |  2.3
Stealth        | 2 |  2.0
Throwing       | |  0.7
Spellcasting   | |  2.5
Conjurations   | |  0.6
Transmutations | |  1.2
Earth Magic    | |  3.5

Action                   || total
-------------------------++-------
Throw: Dart              ||    11
 Cast: Sandblast         ||    41
       Stone Arrow       ||    18
Evoke: Wand              ||     4
  Use: Potion            ||     1
       Scroll            ||     2
Armor: Skin              ||    17
Dodge: Dodged            ||    43
